 Dungeon Crawl Stone Soup version 0.31-a0-115-g4708a659fe (webtiles) character file.

Game seed: 4008586346803977081

79550 senseless the Nimble (level 15, -15/123 HPs)
             Began as a Gnoll Wanderer on May 29, 2023.
             Was an Elder of Jiyva.
             Demolished by Rupert
             ... wielding a +3 heavy great sword
              (49 damage)
             ... on level 12 of the Dungeon.
             The game lasted 01:00:20 (18045 turns).

senseless the Nimble (Gnoll Wanderer)              Turns: 18045, Time: 01:00:20

Health: -15/123    AC: 28    Str: 14    XL:     15   Next: 64%
Magic:  29/29      EV: 12    Int:  9    God:    Jiyva [****..]
Gold:   590        SH:  5    Dex: 28    Spells: 34/34 levels left

rFire   + + +        y - +8 longbow "Zephyr" {speed, Dex+3 SInv}
rCold   . . .        (shield currently unavailable)
rNeg    . . .        B - +0 plate armour
rPois   .            W - +2 hat {Will+}
rElec   .            G - +2 cloak
rCorr   +            I - +3 pair of gauntlets of War {Slay+5}
SInv    +            (no boots)
Will    ++...        S - amulet of reflection
Stlth   +            K - +4 ring of protection
HPRegen 1.68/turn    Q - +6 ring of dexterity
MPRegen 0.61/turn

%: reflection
@: studying Ranged Weapons
A: fangs 1, strong nose, distributed training, fire resistance 3, engulf
a: Renounce Religion, Oozemancy, Slimify


You were on level 12 of the Dungeon.
You worshipped Jiyva.
Jiyva was greatly pleased with you.
You visited 3 branches of the dungeon, and saw 19 of its levels.
You also visited: Sewer, Ossuary and Bailey.

You collected 1123 gold pieces.
You spent 533 gold pieces at shops.

Inventory:

Hand Weapons
 a - a +5 dire flail of venom
 o - the +5 long sword "Bieseu" {spect, rElec Int+2}
   (You found it on level 8 of the Dungeon)

   Int:       It affects your intelligence (+2).
   rElec:     It insulates you from electricity.
 w - the +5 dagger of Tenacity {elec, Str+2 Int+9}
   (You found it on level 6 of the Dungeon)

   Str:       It affects your strength (+2).
   Int:       It affects your intelligence (+9).
 y - the +8 longbow "Zephyr" (weapon) {speed, Dex+3 SInv}
   (You acquired it on level 3 of the Dungeon)

   Dex:       It affects your dexterity (+3).
   SInv:      It lets you see invisible.
Armour
 h - a +2 hat
 B - a +0 plate armour (worn)
 G - a +2 cloak (worn)
 I - the +3 pair of gauntlets of War (worn) {Slay+5}
   (You acquired it in a bailey)

   Slay:      It affects your accuracy & damage with ranged weapons and melee
   (+5).
 O - a +1 ring mail of willpower
 P - the +1 leather armour of Kenag {Str+4 Stlth+}
   (You found it on level 1 of the Lair of Beasts)

   Str:       It affects your strength (+4).
   Stlth:     It makes you more stealthy.
 W - a +2 hat of willpower (worn)
 X - the +3 ring mail of Pyehaat {rN+ Str+3 Int-2}
   (You found it on level 4 of the Lair of Beasts)

   Str:       It affects your strength (+3).
   Int:       It affects your intelligence (-2).
   rN:        It protects you from negative energy.
Jewellery
 b - an amulet of regeneration
 j - a ring of protection from fire
 q - a ring of resist corrosion
 v - a ring of flight
 x - an amulet of guardian spirit
 K - a +4 ring of protection (left hand)
 M - the ring of Acziceti {+Blink rC+}
   (You acquired it on level 11 of the Dungeon)

   [ring of protection from cold]

   rC:        It protects you from cold.
   +Blink:    It lets you blink.
 Q - a +6 ring of dexterity (right hand)
 S - an amulet of reflection (around neck)
 U - a +6 ring of dexterity
 Z - the ring "Jopeufro" {Fly Str+3 Dex-3 SInv}
   (You found it on level 5 of the Lair of Beasts)

   [ring of flight]

   Str:       It affects your strength (+3).
   Dex:       It affects your dexterity (-3).
   SInv:      It lets you see invisible.
   Fly:       It grants you flight.
Wands
 n - a wand of quicksilver (6)
 z - a wand of iceblast (21)
 C - a wand of flame (39)
 N - a wand of charming (4)
 T - a wand of mindburst (22)
Scrolls
 c - 4 scrolls of fog
 d - 8 scrolls of teleportation
 f - a scroll of fear
 k - a scroll of amnesia
 m - 3 scrolls of vulnerability
 s - a scroll of silence
 A - a scroll of magic mapping
 H - 5 scrolls of blinking
 Y - a scroll of enchant weapon
Potions
 e - 4 potions of berserk rage
 g - 2 potions of enlightenment
 i - 4 potions of might
 p - 2 potions of brilliance
 r - 6 potions of haste
 t - 9 potions of curing
 u - 5 potions of heal wounds
 D - a potion of cancellation
 E - a potion of lignification
 F - 3 potions of attraction
 J - 2 potions of resistance
 L - a potion of magic
 R - 3 potions of ambrosia
 V - a potion of invisibility


   Skills:
 + Level 13.0 Fighting
 + Level 10.1 Short Blades
 + Level 10.1 Long Blades
 + Level 10.1 Axes
 + Level 10.1 Maces & Flails
 + Level 10.1 Polearms
 + Level 10.1 Staves
 + Level 13.9 Ranged Weapons
 + Level 10.1 Throwing
 + Level 10.4 Armour
 + Level 14.2 Dodging
 + Level 10.1 Stealth
 + Level 10.1 Shields
 + Level 10.1 Unarmed Combat
 + Level 10.1 Spellcasting
 + Level 8.4 Conjurations
 + Level 8.4 Hexes
 + Level 8.4 Summonings
 + Level 8.4 Necromancy
 + Level 8.4 Translocations
 + Level 8.4 Transmutations
 + Level 8.4 Fire Magic
 + Level 8.4 Ice Magic
 + Level 8.4 Air Magic
 + Level 8.4 Earth Magic
 + Level 8.4 Poison Magic
 + Level 11.0 Invocations
 + Level 10.1 Evocations


You had 34 spell levels left.
You didn't know any spells.
Your spell library contained the following spells:

 Spells                   Type           Power      Damage    Failure   Level
 Apportation              Tloc           38%        N/A       21%         1
 Necrotise                Necr           76%        1d7       21%         1
 Summon Small Mammal      Summ           76%        N/A       21%         1
 Sublimation of Blood     Necr           19%        N/A       30%         2
 Call Canine Familiar     Summ           19%        N/A       52%         3
 Hailstorm                Conj/Ice       19%        3d6       52%         3
 Inner Flame              Hex/Fire       19%        N/A       52%         3
 Ozocubu's Armour         Ice            19%        N/A       52%         3
 Portal Projectile        Hex/Tloc       38%        N/A       52%         3
 Volatile Blastmotes      Fire/Tloc      38%        2d13      52%         3
 Flame Wave               Conj/Fire      19%        2d7       89%         4
 Ice Form                 Ice/Tmut       19%        N/A       89%         4
 Leda's Liquefaction      Hex/Erth       9%         N/A       89%         4
 Petrify                  Tmut/Erth      19%        N/A       89%         4
 Sticky Flame             Conj/Fire      19%        2d4       89%         4
 Irradiate                Conj/Tmut      9%         3d14      99%         5
 Metabolic Englaciation   Hex/Ice        9%         N/A       99%         5
 Conjure Ball Lightning   Conj/Air       9%         3x3d6     100%        6
 Dispersal                Tloc           9%         N/A       100%        6
 Leda's Unmaking          Conj/Erth      9%         9d2       100%        6
 Simulacrum               Ice/Necr       9%         N/A       100%        6
 Ozocubu's Refrigeration  Ice            9%         4d9       100%        7
 Discord                  Hex            9%         N/A       100%        8
 Disjunction              Tloc           9%         N/A       100%        8
 Polar Vortex             Ice            9%         N/A       100%        9


Dungeon Overview and Level Annotations

Branches:
Dungeon (13/15)            Temple (0/1) D:4            Lair (5/5) D:9
  Swamp (1/4) Lair:3       Spider (0/4) Lair:3        Slime (0/5) Lair:4
    Orc (0/2) D:12          Sewer (visited)         Ossuary (visited)
 Bailey (visited)
 Vaults: D:13-14

Altars:
Ashenzari
Cheibriados
Elyvilon
Fedhas
Kikubaaqudgha
Okawaru
Trog
Yredelemnul
The Shining One
Ignis
Jiyva

Shops:
D:1 ?   D:3 =

Annotations:
D:10 Maurice
D:12 Rupert


Innate Abilities, Weirdness & Mutations

You have very sharp teeth.
Your uncanny sense of smell can sniff out nearby items.
Your experience applies equally to all skills.
Your flesh is almost immune to the effects of heat. (rF+++)
Your melee attacks may engulf your foes in ooze.


Message History

Found a stone and a scroll of magic mapping.
There is a stone staircase leading up here.
You shoot an arrow. The arrow hits Rupert!
Rupert is lightly wounded.
The deep elf pyromancer casts a spell at you.
The bolt of fire hits you. You resist.
Rupert hits you with a +3 heavy great sword!
You climb upwards.
There is a stone staircase leading down here.
You shoot an arrow. The arrow completely misses Rupert.
You shoot an arrow. The arrow hits Rupert!
Rupert is lightly wounded.
Rupert roars madly and goes into a rage!
Rupert goes berserk!
Rupert hits you with a +3 heavy great sword!!
You shoot an arrow. The arrow hits Rupert!
Rupert is moderately wounded.
Rupert hits you but does no damage.
You shoot an arrow. The arrow hits Rupert!!!
Rupert is heavily wounded.
Rupert hits you with a +3 heavy great sword!!!
You are too injured to fight recklessly!
You are too injured to fight recklessly!
You shoot an arrow. The arrow hits Rupert!!
Rupert is heavily wounded.
Rupert completely misses you.
You shoot an arrow. The arrow hits Rupert.
Rupert is heavily wounded.
Rupert hits you with a +3 heavy great sword!
Rupert barely misses you.
You shoot an arrow. The arrow hits Rupert!!
Rupert is severely wounded.
Rupert hits you with a +3 heavy great sword!!
* * * LOW HITPOINT WARNING * * *
You feel much better.
Rupert hits you with a +3 heavy great sword!!
* * * LOW HITPOINT WARNING * * *
You feel much better.
Rupert hits you with a +3 heavy great sword!!!
You die...

..###.# #.#####..##......##
.## #.# #.# #..##......#
.####.# ##.## #..##.J##..#
..##..#####...####..##......#
##..................#.......##
##...######.................#
##...## #.............>...##
#.....############...........#
##........# #@@............#
.......#### ##.............#
.....### #..J.......##.#
...### ####........###.###
#### #...........# #..## #.###
#..###J.....####... #...# #.##
##......###... ....# ### #.#
##........... ....# #.# #.#
#.#######...


You could see Rupert (berserk) and 2 neutral jellies (fellow slime).

Vanquished Creatures
  Gastronok (D:11)
  A fire dragon (D:11)
  3 hydras
  2 centaur warriors (D:11)
  2 catoblepae
  6 death yaks (Lair:5)
  2 two-headed ogres (D:11)
  2 boulder beetles
  A deep troll shaman (Lair:5)
  An orc high priest (Bailey)
  Nergalle (D:11)
  Amaemon (D:11)
  A skyshark (Lair:5)
  2 orc knights (Bailey)
  Pikel (D:8)
  3 deep elf pyromancers (D:11)
  2 ugly things
  3 cyclopes
  2 manticores (D:11)
  4 elephants (Lair:5)
  9 black mambas
  A gargoyle (D:12)
  An orange demon (D:11)
  9 cane toads
  An unseen horror (D:12)
  A kobold demonologist (Bailey)
  A rime drake (Lair:3)
  5 komodo dragons
  A yaktaur (D:11)
  A tengu conjurer (D:11)
  3 polar bears
  9 trolls
  A hornet (D:9)
  2 meliai
  4 tyrant leeches
  20 blink frogs
  6 dream sheep (Lair:5)
  A wraith (D:9)
  A shadow (D:12)
  4 basilisks
  32 yaks
  22 fire elementals
  3 wyverns
  Grum (D:10)
  Menkaure (D:7)
  3 swamp worms
  Edmund (D:4)
  16 water moccasins
  2 black bears
  Pargi (Sewer)
  15 orc warriors
  4 ice beasts
  3 centaurs
  21 wolves
  An ogre (D:5)
  4 lemures (D:8)
  A phantom (D:4)
  4 kobold brigands
  Blork the orc (D:5)
  21 bullfrogs
  A gnoll sergeant (D:11)
  2 elf zombies (Ossuary)
  A scorpion (D:9)
  9 wights
  18 killer bees
  3 vampire bats (D:4)
  4 howler monkeys
  4 electric eels (Bailey)
  A centaur zombie (Ossuary)
  3 human zombies (Ossuary)
  3 jellies
  A hound (D:6)
  5 orc priests
  A sleepcap (D:5)
  A gnoll bouda (D:5)
  Natasha (thrice) (D:2)
  4 iguanas
  11 orc wizards
  2 mummies (Ossuary)
  15 gnolls
  8 adders
  3 shadow imps
  2 ufetubi (D:5)
  A worm (D:4)
  3 dart slugs
  42 orcs
  2 bat skeletons (D:4)
  4 bat zombies (D:4)
  8 endoplasms
  A giant cockroach (D:3)
  14 goblins
  13 hobgoblins
  4 quokkas
  4 ball pythons
  5 bats
  5 frilled lizards
  A goblin zombie (Ossuary)
  10 hobgoblin zombies (Ossuary)
  A jackal zombie (Ossuary)
  19 kobolds
  14 kobold zombies (Ossuary)
  5 orc zombies (Ossuary)
  8 rats
548 creatures vanquished.

Vanquished Creatures (collateral kills)
  4 foxfires (Lair:4)
4 creatures vanquished.

Vanquished Creatures (others)
  A bog body (Swamp:1)
  A bloated husk (Swamp:1)
  A dream sheep (Lair:5)
  A black bear (Lair:5)
  A wolf (Lair:5)
  21 jellies
  A quokka (D:9)
  121 foxfires
148 creatures vanquished.

Grand Total: 700 creatures vanquished

Notes
Turn   | Place    | Note
-------+----------+-------------------------------------------
     0 | D:1      | Reached skill level 10 in Dodging
     0 | D:1      | senseless the Gnoll Wanderer began the quest for the Orb.
     0 | D:1      | senseless set off with the following items: a +0 dagger, 2
                  | throwing nets, 2 scrolls of fog, a scroll of teleportation,
                  | a +0 leather armour.
     0 | D:1      | Reached XP level 1. HP: 26/26 MP: 1/1
   182 | D:1      | Reached XP level 2. HP: 33/33 MP: 2/2
   438 | D:1      | Found Qykhloan's Magic Scroll Boutique.
   443 | D:1      | Bought a scroll of identify for 22 gold pieces
   443 | D:1      | Bought a scroll of vulnerability for 44 gold pieces
   979 | D:2      | Reached XP level 3. HP: 38/38 MP: 3/3
  1320 | D:2      | Reached skill level 1 in Invocations
  1383 | D:2      | Noticed Natasha
  1400 | D:2      | Killed Natasha
  1401 | D:2      | Reached skill level 1 in Short Blades
  1401 | D:2      | Reached skill level 1 in Long Blades
  1401 | D:2      | Reached skill level 1 in Axes
  1401 | D:2      | Reached skill level 1 in Maces & Flails
  1401 | D:2      | Reached skill level 1 in Polearms
  1401 | D:2      | Reached skill level 1 in Staves
  1401 | D:2      | Reached skill level 1 in Ranged Weapons
  1401 | D:2      | Reached skill level 1 in Throwing
  1401 | D:2      | Reached skill level 1 in Stealth
  1401 | D:2      | Reached skill level 1 in Shields
  1401 | D:2      | Reached skill level 1 in Unarmed Combat
  1401 | D:2      | Reached skill level 1 in Spellcasting
  1401 | D:2      | Reached skill level 1 in Evocations
  1401 | D:2      | Reached XP level 4. HP: 32/45 MP: 5/5
  1453 | D:2      | Found a faded altar of an unknown god.
  1467 | D:2      | Found a faded altar of an unknown god.
  1475 | D:2      | Prayed at the altar of an unknown god.
  1475 | D:2      | Became a worshipper of Ignis, the Dying Flame
  1536 | D:2      | Noticed Natasha
  1545 | D:2      | Killed Natasha
  1546 | D:2      | Reached skill level 1 in Conjurations
  1546 | D:2      | Reached skill level 1 in Hexes
  1546 | D:2      | Reached skill level 1 in Summonings
  1546 | D:2      | Reached skill level 1 in Necromancy
  1546 | D:2      | Reached skill level 1 in Translocations
  1546 | D:2      | Reached skill level 1 in Transmutations
  1546 | D:2      | Reached skill level 1 in Fire Magic
  1546 | D:2      | Reached skill level 1 in Ice Magic
  1546 | D:2      | Reached skill level 1 in Air Magic
  1546 | D:2      | Reached skill level 1 in Earth Magic
  1546 | D:2      | Reached skill level 1 in Poison Magic
  1606 | D:2      | Noticed Natasha
  1616 | D:2      | Killed Natasha
  1738 | D:3      | Reached XP level 5. HP: 51/51 MP: 7/7
  1767 | D:3      | Found Qoraotiw's Jewellery Emporium.
  2130 | D:3      | Identified the +3 quarterstaff "Zicorele" {speed, rC+}
  2484 | D:3      | Identified 3 scrolls of acquirement
  2484 | D:3      | Acquired a +5 flail of draining
  2486 | D:3      | Acquired the +8 longbow "Zephyr" {speed, Dex+3 SInv}
  2486 | D:3      | Found the +8 longbow "Zephyr" {speed, Dex+3 SInv}
  2488 | D:3      | Acquired a ring of flight
  2587 | D:4      | Reached XP level 6. HP: 57/57 MP: 8/8
  2755 | D:4      | Found an ancient bone altar of Kikubaaqudgha.
  2763 | D:4      | Reached XP level 7. HP: 58/63 MP: 10/10
  2909 | D:4      | Found a basalt altar of Yredelemnul.
  2927 | D:4      | Found a staircase to the Ecumenical Temple.
  3033 | D:4      | Found a glowing drain.
  3042 | Sewer    | Entered a sewer
  3045 | Sewer    | Noticed Pargi
  3048 | Sewer    | Killed Pargi
  3244 | D:4      | Reached XP level 8. HP: 71/71 MP: 12/12
  3573 | D:5      | Entered Level 5 of the Dungeon
  3573 | D:5      | Noticed Edmund
  3590 | D:4      | Killed Edmund
  3853 | D:5      | Noticed Blork the orc
  3858 | D:5      | Killed Blork the orc
  3966 | D:5      | Reached skill level 11 in Dodging
  4380 | D:6      | Reached skill level 5 in Ranged Weapons
  4408 | D:6      | Identified the +5 dagger of Tenacity {elec, Str+2 Int+9}
  4460 | D:6      | Reached XP level 9. HP: 77/77 MP: 14/14
  4491 | D:6      | Gained mutation: You do not regenerate when monsters are
                  | visible. [potion of mutation]
  4491 | D:6      | Gained mutation: You are frail. (-10% HP) [potion of
                  | mutation]
  4687 | D:6      | Reached skill level 5 in Armour
  4709 | D:6      | Found a glowing golden altar of the Shining One.
  5295 | D:7      | Found a bloodstained altar of Trog.
  5327 | D:7      | Found a sand-covered staircase.
  5332 | Ossuary  | Entered an ossuary
  5416 | Ossuary  | Reached skill level 5 in Invocations
  5673 | D:7      | Noticed Menkaure
  5679 | D:7      | Killed Menkaure
  6090 | D:7      | Reached skill level 5 in Short Blades
  6090 | D:7      | Reached skill level 5 in Long Blades
  6090 | D:7      | Reached skill level 5 in Axes
  6090 | D:7      | Reached skill level 5 in Maces & Flails
  6090 | D:7      | Reached skill level 5 in Polearms
  6090 | D:7      | Reached skill level 5 in Staves
  6090 | D:7      | Reached skill level 5 in Throwing
  6090 | D:7      | Reached skill level 5 in Stealth
  6090 | D:7      | Reached skill level 5 in Shields
  6090 | D:7      | Reached skill level 5 in Unarmed Combat
  6090 | D:7      | Reached skill level 5 in Spellcasting
  6090 | D:7      | Reached skill level 5 in Evocations
  6164 | D:7      | Reached XP level 10. HP: 48/76 MP: 17/17
  6311 | D:7      | Found a broken altar of Ashenzari.
  6312 | D:7      | Found a blossoming altar of Fedhas.
  6316 | D:7      | Reached skill level 10 in Fighting
  6317 | D:7      | Found a snail-covered altar of Cheibriados.
  6317 | D:7      | Found an iron altar of Okawaru.
  6871 | D:8      | Found a flagged portal.
  6880 | Bailey   | Entered a bailey
  6961 | Bailey   | Acquired a +4 ring of protection
  6997 | Bailey   | Noticed an orc knight
  7006 | Bailey   | Noticed an orc high priest
  7014 | Bailey   | Noticed an orange demon
  7020 | Bailey   | Killed an orc high priest
  7195 | Bailey   | Killed an orc knight
  7199 | Bailey   | Noticed an orc knight
  7290 | Bailey   | Noticed a kobold demonologist
  7521 | Bailey   | Reached skill level 12 in Dodging
  7526 | Bailey   | Reached skill level 5 in Conjurations
  7526 | Bailey   | Reached skill level 5 in Hexes
  7526 | Bailey   | Reached skill level 5 in Summonings
  7526 | Bailey   | Reached skill level 5 in Necromancy
  7526 | Bailey   | Reached skill level 5 in Translocations
  7526 | Bailey   | Reached skill level 5 in Transmutations
  7526 | Bailey   | Reached skill level 5 in Fire Magic
  7526 | Bailey   | Reached skill level 5 in Ice Magic
  7526 | Bailey   | Reached skill level 5 in Air Magic
  7526 | Bailey   | Reached skill level 5 in Earth Magic
  7526 | Bailey   | Reached skill level 5 in Poison Magic
  7654 | Bailey   | Noticed a sixfirhy
  7659 | Bailey   | Killed a kobold demonologist
  7660 | Bailey   | Reached XP level 11. HP: 71/82 MP: 20/20
  7664 | Bailey   | Killed an orc knight
  7717 | Bailey   | Found an iron altar of Okawaru.
  7795 | Bailey   | Acquired the +3 pair of gauntlets of War {Slay+5}
  7795 | Bailey   | Found the +3 pair of gauntlets of War {Slay+5}
  7915 | D:8      | Noticed Pikel
  7934 | D:8      | Killed Pikel
  8138 | D:3      | Bought an amulet of regeneration for 390 gold pieces
  8235 | D:1      | Bought a scroll of fear for 44 gold pieces
  8235 | D:1      | Bought a scroll of teleportation for 33 gold pieces
  8390 | D:8      | Identified the +5 long sword "Bieseu" {spect, rElec Int+2}
  9151 | D:9      | Found a staircase to the Lair.
  9229 | D:9      | Found a white marble altar of Elyvilon.
  9549 | D:10     | Entered Level 10 of the Dungeon
  9549 | D:10     | Noticed Grum
  9620 | D:10     | Killed Grum
  9785 | D:11     | Noticed Nergalle
  9789 | D:11     | Noticed a manticore
  9791 | D:11     | Killed Nergalle
  9794 | D:11     | Killed a manticore
  9859 | D:10     | Noticed a two-headed ogre
  9860 | D:10     | Noticed Maurice
  9887 | D:11     | Killed a two-headed ogre
  9953 | D:11     | Noticed a manticore
  9958 | D:11     | Killed a manticore
  9959 | D:11     | Reached XP level 12. HP: 90/90 MP: 22/22
 10038 | D:11     | Noticed a centaur warrior
 10038 | D:11     | Noticed a centaur warrior
 10040 | D:11     | Noticed a boulder beetle
 10044 | D:11     | Reached skill level 10 in Ranged Weapons
 10048 | D:11     | Noticed a fire dragon
 10105 | D:11     | Noticed Gastronok
 10132 | D:11     | Acquired the ring of Acziceti {+Blink rC+}
 10160 | D:11     | Noticed a two-headed ogre
 10166 | D:11     | Killed a two-headed ogre
 10288 | Lair:1   | Entered Level 1 of the Lair of Beasts
 10801 | Lair:1   | Identified the +1 leather armour of Kenag {Str+4 Stlth+}
 11247 | Lair:1   | Reached skill level 13 in Dodging
 11640 | Lair:2   | Got the Directory of Petrous Locality
 11812 | Lair:2   | Reached XP level 13. HP: 96/96 MP: 25/25
 12506 | Lair:3   | Found a hole to the Spider Nest.
 13092 | Lair:3   | Found a staircase to the Swamp.
 13688 | Lair:4   | Found a viscous altar of Jiyva.
 13691 | Lair:4   | Found a staircase to the Slime Pits.
 13823 | Lair:4   | Identified the +3 ring mail of Pyehaat {rN+ Str+3 Int-2}
 14049 | Lair:4   | Fell from the grace of Ignis
 14049 | Lair:4   | Became a worshipper of Jiyva Jugrerph the Shapeless
 14246 | Lair:4   | Reached * piety under Jiyva
 14726 | Lair:5   | Entered Level 5 of the Lair of Beasts
 15018 | Lair:5   | Reached ** piety under Jiyva
 15596 | Lair:5   | Reached *** piety under Jiyva
 15680 | Lair:5   | Reached XP level 14. HP: 51/104 MP: 27/27
 15682 | Lair:5   | Reached skill level 10 in Invocations
 15920 | Lair:5   | Identified the ring "Jopeufro" {Fly Str+3 Dex-3 SInv}
 16100 | Swamp:1  | Entered Level 1 of the Swamp
 16125 | Swamp:1  | Noticed a tentacled monstrosity
 16126 | Swamp:1  | Noticed a tentacled monstrosity
 16158 | Lair:3   | Reached skill level 10 in Armour
 16158 | Lair:3   | Reached skill level 14 in Dodging
 16158 | Lair:3   | Reached XP level 15. HP: 109/109 MP: 28/28
 16334 | D:11     | Killed Gastronok
 16524 | D:11     | Noticed Amaemon
 16533 | D:11     | Killed Amaemon
 16784 | D:12     | Reached skill level 10 in Short Blades
 16784 | D:12     | Reached skill level 10 in Long Blades
 16784 | D:12     | Reached skill level 10 in Axes
 16784 | D:12     | Reached skill level 10 in Maces & Flails
 16784 | D:12     | Reached skill level 10 in Polearms
 16784 | D:12     | Reached skill level 10 in Staves
 16784 | D:12     | Reached skill level 10 in Throwing
 16784 | D:12     | Reached skill level 10 in Stealth
 16784 | D:12     | Reached skill level 10 in Shields
 16784 | D:12     | Reached skill level 10 in Unarmed Combat
 16784 | D:12     | Reached skill level 10 in Spellcasting
 16784 | D:12     | Reached skill level 10 in Evocations
 16944 | D:12     | Lost mutation: You are frail. (-10% HP) [Jiyva's grace]
 16944 | D:12     | Lost mutation: You do not regenerate when monsters are
                  | visible. [Jiyva's grace]
 16944 | D:12     | Gained mutation: Your melee attacks may engulf your foes in
                  | ooze. [Jiyva's grace]
 16944 | D:12     | Gained mutation: Your flesh is heat resistant. (rF+)
                  | [Jiyva's grace]
 16944 | D:12     | Gained mutation: Your flesh is very heat resistant. (rF++)
                  | [Jiyva's grace]
 16944 | D:12     | Gained mutation: Your flesh is almost immune to the effects
                  | of heat. (rF+++) [Jiyva's grace]
 17105 | D:12     | Found a staircase to the Orcish Mines.
 17182 | D:12     | Reached **** piety under Jiyva
 17526 | D:12     | Was forgiven by Ignis
 18033 | D:13     | Noticed Rupert
 18045 | D:12     | Demolished by Rupert

Illustrated notes

Levels and vault maps discovered:
D:1:      elethiomel_arrival_shortcut, layout_loops_ring, serial_shops,
          nicolae_shop_rolling_square, chequers_decorated_corner,
          chequers_serial_rivers_micro_d
D:2:      layout_loops_cross, hellmonk_ecumenical_altar_the_god_not_taken,
          chequers_serial_rivers_small_b, chequers_serial_rivers_micro_a,
          minmay_misc_feat_square, uniq_natasha
D:3:      wander_river, layout_basic, serial_shops,
          nicolae_shop_advertising_works [nicolae_subvault_shop_adworks],
          serial_glass, glass_columns_b, glass_columns_a, glass_columns_c,
          glass_columns_a, glass_columns_a, glass_columns_a,
          due_unseen_surprise, feat_on_display, minmay_strange_pillars
D:4:      layout_basic, kennysheep_vampire_church, yredelemnul_altar_generic,
          minmay_temple_entry_large_hall, portal_sewer_entry_d,
          minmay_manual_mess
D:5:      layout_rooms, uniq_edmund, uniq_blork_the_orc
D:6:      layout_cave_pods, mainiacjoe_overflow_small_starburst, minmay_holes
D:7:      layout_rooms, bloody_trog, mainiacjoe_overflow_alcove_3,
          enter_ossuary_5, uniq_menkaure
D:8:      layout_basic, enter_bailey_2, uniq_pikel
D:9:      layout_loops_corners, elyvilon_altar_4, grunt_lair_entry_orc_guard_hut
D:10:     layout_basic, uniq_grum, uniq_maurice
D:11:     layout_loops_ring, minivault_28, uniq_nergalle, uniq_gastronok,
          uniq_amaemon
D:12:     layout_layer_cave, orc_0_dummy
D:13:     layout_cave_pools, grunt_vaults_entry_fortified, uniq_rupert
Lair:1:   layout_gridlike, st_stairs_4, guppyfry_lair_drakes,
          serial_bayou_shore_b, grunt_megastairs_3, infiniplex_staircase_pool
Lair:2:   layout_gridlike
Lair:3:   layout_gridlike, minmay_swamp_entry_worms,
          hellmonk_spider_entry_not_the_bees, serial_bayou_shore_b,
          lemuel_fruit_fields
Lair:4:   layout_layer_cave, slime_entry_1, serial_bayou_pond_d
Lair:5:   grunt_lair_end_beastmaster, layout_regular_city
Swamp:1:  layout_basic_swamp, gammafunk_ghost_arena,
          nicolae_swamp_well_well_well

Skill      XL: |  1  2  3  4  5  6  7  8  9 10 11 12 13 14 15 |
---------------+----------------------------------------------+-----
Dodging        | 11 12 13 14 | 14.2
Invocations    | 1 2 3 4 5 6 7 8 9 10 11 | 11.0
Short Blades   | 1 2 3 5 6 7 8 9 10 | 10.1
Long Blades    | 1 2 3 5 6 7 8 9 10 | 10.1
Axes           | 1 2 3 5 6 7 8 9 10 | 10.1
Maces & Flails | 1 2 3 5 6 7 8 9 10 | 10.1
Polearms       | 1 2 3 5 6 7 8 9 10 | 10.1
Staves         | 1 2 3 5 6 7 8 9 10 | 10.1
Ranged Weapons | 1 2 3 5 6 8 9 11 12 13 | 13.9
Throwing       | 1 2 3 5 6 7 8 9 10 | 10.1
Stealth        | 1 2 3 5 6 7 8 9 10 | 10.1
Shields        | 1 2 3 5 6 7 8 9 10 | 10.1
Unarmed Combat | 1 2 3 5 6 7 8 9 10 | 10.1
Spellcasting   | 1 2 3 5 6 7 8 9 10 | 10.1
Evocations     | 1 2 3 5 6 7 8 9 10 | 10.1
Conjurations   | 1 2 3 4 5 6 7 8 |  8.4
Hexes          | 1 2 3 4 5 6 7 8 |  8.4
Summonings     | 1 2 3 4 5 6 7 8 |  8.4
Necromancy     | 1 2 3 4 5 6 7 8 |  8.4
Translocations | 1 2 3 4 5 6 7 8 |  8.4
Transmutations | 1 2 3 4 5 6 7 8 |  8.4
Fire Magic     | 1 2 3 4 5 6 7 8 |  8.4
Ice Magic      | 1 2 3 4 5 6 7 8 |  8.4
Air Magic      | 1 2 3 4 5 6 7 8 |  8.4
Earth Magic    | 1 2 3 4 5 6 7 8 |  8.4
Poison Magic   | 1 2 3 4 5 6 7 8 |  8.4
Armour         | 3 4 5 6 7 8 9 10 | 10.4
Fighting       | 9 10 11 12 13 | 13.0

Action                     |  1- 3 |  4- 6 |  7- 9 | 10-12 | 13-15 || total
---------------------------+-------+-------+-------+-------+-------++-------
  Melee: Dagger            |   129 |    85 |       |       |       ||   214
         Punch             |     3 |     3 |       |       |       ||     6
         Bite              |    15 |     6 |       |       |       ||    21
         Rapier            |     4 |       |       |       |       ||     4
         Quarterstaff      |       |    11 |       |       |       ||    11
         Longbow           |       |       |       |     2 |       ||     2
   Fire: Longbow           |       |    37 |   328 |   558 |   586 ||  1509
 Invoke: Foxfire Swarm     |       |     1 |       |       |     6 ||     7
         Rising Flame      |       |       |       |       |     1 ||     1
         Oozemancy         |       |       |       |       |     1 ||     1
    Use: Scroll            |     2 |     9 |    11 |    11 |     3 ||    36
         Potion            |       |       |     2 |     5 |     5 ||    12
 Armour: Leather armour    |     9 |       |       |       |       ||     9
         Chain mail        |    32 |    73 |    77 |   168 |       ||   350
         Plate armour      |       |       |       |   177 |   332 ||   509
  Dodge: Dodged            |    64 |    73 |    92 |   328 |   234 ||   791
  Block: Other             |       |       |       |       |   104 ||   104
         Reflection        |       |       |       |       |     1 ||     1

Table legend: (Time is in decaauts)
 A = Elapsed time spent in this place.
 B = Non-inter-level travel time spent in this place.
 C = Inter-level travel time spent in this place.
 D = Time resting spent in this place.
 E = Time spent auto-exploring this place.
 F = Levels seen in this place.
 G = Mean time per level.
                   A        B        C        D        E       F      G
               +--------+--------+--------+--------+--------+-----+--------+
         Total |  18650 |  17604 |   1046 |   1512 |  12409 |  22 |  847.7 |
       Dungeon |  11518 |  10749 |    769 |   1072 |   7575 |  13 |  886.0 |
          Lair |   5673 |   5413 |    260 |    439 |   3919 |   5 | 1134.6 |
         Swamp |     61 |     45 |     16 |      0 |     20 |   1 |   61.0 |
         Sewer |    143 |    143 |      0 |      0 |    101 |   1 |  143.0 |
       Ossuary |    263 |    263 |      0 |      0 |    115 |   1 |  263.0 |
        Bailey |    991 |    991 |      0 |      0 |    678 |   1 |  991.0 |
               +--------+--------+--------+--------+--------+-----+--------+

Top non-repeatable levels by time:
     D:9: 1535 daAuts
  Lair:5: 1387 daAuts
  Lair:3: 1363 daAuts
    D:12: 1289 daAuts
     D:7: 1288 daAuts
     D:4: 1270 daAuts
  Lair:4: 1241 daAuts
    D:11: 1066 daAuts
     D:6: 992 daAuts
  Bailey: 991 daAuts
     D:1: 914 daAuts
     D:2: 883 daAuts
     D:3: 850 daAuts
  Lair:2: 842 daAuts
  Lair:1: 839 daAuts
